 Dungeon Crawl Stone Soup version 0.25-a0-705-ge9988fc0fb (webtiles) character file.

Game seed: 17351871453444862706, levelgen mode: deterministic

1258 urbispavel the Basher (level 8, -2/99 HPs)
             Began as a Minotaur Berserker on Apr 4, 2020.
             Was a Priest of Trog.
             Slain by Pikel
             ... wielding a +2 whip of freezing
              (8 damage)
             ... on level 5 of the Dungeon.
             The game lasted 00:24:49 (4056 turns).

urbispavel the Basher (Minotaur Berserker)          Turns: 4056, Time: 00:24:49

Health: -2/99      AC:  7    Str: 24    XL:     8   Next: 27%
Magic:  7/7        EV: 12    Int:  4    God:    Trog [***...]
Gold:   254        SH:  0    Dex: 10    Spells: 7/7 levels left

rFire    . . .     SeeInvis .   a - +0 mace
rCold    . . .     Gourm    .   (no shield)
rNeg     . . .     Faith    .   m - +0 ring mail
rPois    .         Spirit   .   (helmet restricted)
rElec    .         Reflect  .   (no cloak)
rCorr    .         Harm     .   k - +0 pair of gloves
MR       .....                  (no boots)
Stlth    ..........             (no amulet)
HPRegen  0.26/turn              x - ring of wizardry
MPRegen  0.10/turn              s - +2 ring of slaying

@: berserking, very quick
A: retaliatory headbutt, horns 2
a: Berserk, Trog's Hand, Renounce Religion


You were on level 5 of the Dungeon.
You worshipped Trog.
Trog was most pleased with you.
You were very hungry.

You visited 1 branch of the dungeon, and saw 5 of its levels.

You collected 254 gold pieces.

Inventory:

Hand Weapons
 a - a +0 mace (weapon)
Missiles
 j - 3 javelins (quivered)
 q - 17 poisoned darts
Armour
 b - a +0 animal skin
 k - a +0 pair of gloves (worn)
 m - a +0 ring mail (worn)
 v - a +0 ring mail
Jewellery
 s - a +2 ring of slaying (right hand)
 x - a ring of wizardry (left hand)
Wands
 u - a wand of iceblast (2)
Scrolls
 f - 2 scrolls of fear {unknown}
 g - 3 scrolls of identify {unknown}
 n - a scroll of teleportation {unknown}
 o - 2 scrolls of remove curse {unknown}
 p - a scroll of noise {unknown}
 t - a scroll of blinking {unknown}
 w - 2 scrolls of magic mapping {unknown}
 y - a scroll of amnesia {unknown}
 B - a scroll of acquirement {unknown}
 C - a scroll of enchant weapon {unknown}
Potions
 d - 8 potions of curing {unknown}
 e - 2 potions of haste
 h - 2 potions of mutation {unknown}
 i - a potion of stabbing {unknown}
 l - a potion of flight {unknown}
 r - a potion of degeneration {unknown}
 A - a potion of lignification {unknown}
Comestibles
 c - 7 rations
 z - 11 chunks of flesh


   Skills:
 - Level 3.8 Fighting
 + Level 9.5 Maces & Flails
 + Level 6.7 Armour
 - Level 4.5 Dodging
 - Level 1.0 Stealth


You had 7 spell levels left.
You didn't know any spells.
Your spell library was empty.

Dungeon Overview and Level Annotations

Branches:
Dungeon (5/15)
 Temple: D:4-7

Altars:
Ashenzari
Cheibriados
Fedhas
Gozag
Kikubaaqudgha
Makhleb
Nemelex Xobeh
Qazlal
Ru
Trog
Vehumet
Yredelemnul

Annotations:
D:5 Pikel


Innate Abilities, Weirdness & Mutations

You reflexively headbutt those who attack you in melee.
You have a pair of horns on your head.


Message History

Pikel misses you.
You thump Pikel!
Pikel is severely wounded.
Pikel hits you but does no damage. Pikel misses you. You furiously retaliate!
You headbutt Pikel. You sock Pikel!
Pikel is almost dead.
Pikel closely misses you.
A red film seems to cover your vision as you go berserk!
You feel yourself moving faster!
You feel mighty!
You are feeling very hungry.
Pikel misses you.
Pikel hits you with a +2 whip of freezing.
* * * LOW HITPOINT WARNING * * *
Pikel freezes you.
* * * LOW HITPOINT WARNING * * *
You thump Pikel! Your headbutt misses Pikel.
Pikel is almost dead.
Pikel hits you with a +2 whip of freezing!
You die...

.. ... # ... #.#.## # #..#
#.#$. .. #...########.#.#...
#.#..$....##.....
............Zo.
#.........##p##
#.......pps########. .
##........#pK@.......##.#
......o.s?..##########......##
........p......# #... .....##
......##.#<###.#####.... #...
...... #.... #.......# #.
...... ##.^..##....### ##.
....%$ #....##....# ##.. ...
####.......# ##... #.........#
#...(


You could see Pikel (berserk), 4 slaves and a giant cockroach.

Vanquished Creatures
  Grinder (D:3)
  Sigmund (D:3)
  Eustachio (D:4)
  2 phantoms
  An ogre (D:5)
  A howler monkey (D:4)
  A hound (D:3)
  2 orc priests
  3 orc wizards
  A centaur skeleton (D:4)
  4 worker ants
  Ijyb (D:3)
  Robin (D:4)
  4 gnolls (D:3)
  2 adder skeletons
  A worm (D:4)
  3 dart slugs
  A leopard gecko (D:1)
  10 orcs
  3 giant cockroaches
  12 goblins
  8 hobgoblins
  11 jackals
  A quokka (D:3)
  5 bats
  7 frilled lizards
  2 kobolds (D:3)
  A leopard gecko skeleton (D:4)
  4 rats
95 creatures vanquished.

Notes
Turn   | Place    | Note
-------+----------+-------------------------------------------
     0 | D:1      | urbispavel the Minotaur Berserker began the quest for the
                  | Orb.
     0 | D:1      | Reached XP level 1. HP: 19/19 MP: 0/0
    90 | D:1      | Reached skill level 4 in Maces & Flails
    90 | D:1      | Reached XP level 2. HP: 13/27 MP: 1/1
   942 | D:2      | Found a shattered altar of Ashenzari.
  1228 | D:3      | Found a stormy altar of Qazlal.
  1238 | D:3      | Reached XP level 3. HP: 33/33 MP: 2/2
  1655 | D:3      | Noticed Sigmund
  1663 | D:3      | Killed Sigmund
  1663 | D:3      | Reached ** piety under Trog
  1663 | D:3      | Reached skill level 5 in Maces & Flails
  1663 | D:3      | Reached XP level 4. HP: 21/40 MP: 3/3
  1663 | D:3      | Reached XP level 5. HP: 25/46 MP: 4/4
  1780 | D:3      | Noticed Ijyb
  1785 | D:3      | Killed Ijyb
  1785 | D:3      | Reached skill level 6 in Maces & Flails
  1810 | D:3      | Reached XP level 6. HP: 32/52 MP: 5/5
  1940 | D:3      | Found a blossoming altar of Fedhas.
  1995 | D:3      | Noticed Grinder
  1995 | D:3      | Paralysed by Grinder for 2 turns
  2015 | D:3      | Killed Grinder
  2015 | D:3      | Reached skill level 7 in Maces & Flails
  2278 | D:3      | Reached XP level 7. HP: 57/58 MP: 6/6
  2677 | D:3      | Found a burning altar of Makhleb.
  3072 | D:4      | Reached skill level 1 in Stealth
  3123 | D:4      | Found a snail-covered altar of Cheibriados.
  3125 | D:4      | Found a bloodstained altar of Trog.
  3125 | D:4      | Found a basalt altar of Yredelemnul.
  3125 | D:4      | Found an ancient bone altar of Kikubaaqudgha.
  3126 | D:4      | Found a radiant altar of Vehumet.
  3126 | D:4      | Found a stormy altar of Qazlal.
  3126 | D:4      | Found a sparkling altar of Nemelex Xobeh.
  3126 | D:4      | Found a sacrificial altar of Ru.
  3128 | D:4      | Noticed Robin
  3224 | D:4      | Reached skill level 5 in Armour
  3293 | D:4      | Noticed Eustachio
  3299 | D:4      | Killed Eustachio
  3299 | D:4      | Reached skill level 8 in Maces & Flails
  3319 | D:4      | Found an opulent altar of Gozag.
  3360 | D:4      | Reached *** piety under Trog
  3464 | D:4      | Killed Robin
  3848 | D:4      | Reached XP level 8. HP: 66/66 MP: 7/7
  3910 | D:5      | Entered Level 5 of the Dungeon
  3941 | D:5      | Reached skill level 9 in Maces & Flails
  4029 | D:5      | Noticed Pikel
  4056 | D:5      | Slain by Pikel

Levels and vault maps discovered:
D:1:      nagdon_arrival_zigzag_paths, layout_loops_ring
D:2:      layout_rooms, evilmike_ruin_ashenzari
D:3:      layout_basic, lemuel_crystal_altar, makhleb_blood_cavern_becter,
          first_ration, serial_forest, infiniplex_forest_lined_2,
          infiniplex_forest_clump_large, infiniplex_forest_clump_long,
          infiniplex_forest_end_3, infiniplex_forest_straight_3,
          infiniplex_forest_clump_small, nicolae_qazlal_general_emergency,
          uniq_grinder, uniq_ijyb, uniq_sigmund
D:4:      layout_basic, grunt_temple_overflow_open, grunt_gozag_breadcrumbs,
          uniq_robin, uniq_eustachio
D:5:      layout_rooms, uniq_pikel

Skill      XL: |  1  2  3  4  5  6  7  8 |
---------------+-------------------------+-----
Maces & Flails | 4 5 6 7 8 9 |  9.5
Armour         | 3 4 6 |  6.7
Dodging        | 3 4 |  4.5
Stealth        | 1 |  1.0
Fighting       | |  3.8

Action                   |  1- 3 |  4- 6 |  7- 9 || total
-------------------------+-------+-------+-------++-------
Melee: Mace              |    50 |    57 |   133 ||   240
       Headbutt          |     8 |     8 |    25 ||    41
Invok: Berserk           |     3 |     2 |     3 ||     8
  Eat: Chunk             |     4 |     5 |     4 ||    13
       Ration            |       |       |     1 ||     1
Armor: Animal skin       |     5 |       |       ||     5
       Ring mail         |    12 |    16 |    49 ||    77
Dodge: Dodged            |    40 |    35 |    92 ||   167

Table legend:
 A = Non-vault XP
 B = Vault XP
 C = Vault XP percentage of total XP
 D = Non-vault monster count
 E = Vault monster count
 F = Vault count percentage of total count
                 A         B        C        D         E       F
            +---------+---------+-------+---------+---------+-------
      Total |     981 |     817 |  45.4 |      81 |      14 |  14.7
            +---------+---------+-------+---------+---------+-------
        D:1 |      26 |       0 |   0.0 |      13 |       0 |   0.0
        D:2 |      14 |       0 |   0.0 |       7 |       0 |   0.0
        D:3 |     151 |     595 |  79.8 |      31 |       4 |  11.4
        D:4 |     426 |     222 |  34.3 |      20 |      10 |  33.3
        D:5 |     364 |       0 |   0.0 |      10 |       0 |   0.0
            +---------+---------+-------+---------+---------+-------
